 Dungeon Crawl Stone Soup version 0.31-a0-426-g3a05650e59 (webtiles) character file.

Game seed: 5100385133115721070

12 shadowstone the Ruffian (level 2, -1/18 HPs)
             Began as an Octopode Shapeshifter on July 30, 2023.
             Slain by a goblin
             ... wielding a +0 club
              (3 damage)
             ... on level 1 of the Dungeon.
             The game lasted 00:00:32 (118 turns).

shadowstone the Ruffian (Octopode Shapeshifter)      Turns: 118, Time: 00:00:32

Health: -1/18      AC:  1    Str: 14    XL:     2   Next: 33%
Magic:  2/2        EV: 13    Int: 10    God:
Gold:   6          SH:  0    Dex: 12    Spells: 1/1 levels left

rFire   . .          .
                       - Unarmed
rCold   . . .        (no shield)
rNeg    . . .        (helmet currently unavailable)
rPois   .            (no amulet)
rElec   .            (no ring)
rCorr   .            (no ring)
SInv    .            (no ring)
Will    .....        (no ring)
Stlth   ++           (no ring)
HPRegen 0.23/turn    (no ring)
MPRegen 0.08/turn    (no ring)
                     (no ring)

%: no passive effects
@: beast-form
A: beast (slay +2), almost no armour, amphibious, 8 rings, camouflage 1,
gelatinous body 1, (nimble swimmer 1), tentacles
a: Begin Untransformation


You were on level 1 of the Dungeon.
You were a hulking beast.
You visited 1 branch of the dungeon, and saw 1 of its levels.

You collected 6 gold pieces.

Inventory:

Missiles
 c - 2 poisoned darts (quivered)
Talismans
 b - a beast talisman (active)
Potions
 a - a potion of lignification


   Skills:
 + Level 1.3 Fighting
 + Level 2.1 Dodging
 + Level 3.3 Unarmed Combat
 + Level 3.0 Shapeshifting


You had one spell level left.
You didn't know any spells.
Your spell library was empty.

Dungeon Overview and Level Annotations

Branches:
Dungeon (1/15)

Altars:


Innate Abilities, Weirdness & Mutations

You are a hulking beast.
Your limbs bulge with bestial killing power. (Slay +2)
You cannot wear most types of armour.
You are amphibious.
You can wear up to eight rings at the same time.
Your skin changes colour to match your surroundings (Stealth+).
Your rubbery body absorbs attacks. (AC +1, EV +1)
((You are camouflaged when in or above water. (Stealth+)))
You have tentacles for arms and can constrict up to eight enemies at once.


Message History

The jackal is severely wounded.
The jackal bites you.
The frilled lizard bites you but does no damage.
The hobgoblin barely misses you.
You tentacle-slap the jackal.
You kill the jackal!
A kobold comes into view. It is wielding a +0 club.
The hobgoblin barely misses you. The frilled lizard bites you.
* * * LOW HITPOINT WARNING * * *
You have reached level 2!
The frilled lizard barely misses you. The hobgoblin closely misses you.
The frilled lizard attacks as you move away!
The frilled lizard barely misses you. The hobgoblin closely misses you.
The frilled lizard hisses.
You tentacle-slap the frilled lizard.
You kill the frilled lizard!
The hobgoblin misses you.
You tentacle-slap the endoplasm.
You kill the endoplasm!
The hobgoblin barely misses you.
You tentacle-slap the kobold.
You kill the kobold!
The hobgoblin barely misses you.
Things that are here:
a +0 club; a kobold corpse You barely miss the hobgoblin.
Your grab misses the hobgoblin.
The hobgoblin hits you but does no damage.
You closely miss the hobgoblin. You grab the hobgoblin.
You squeeze the hobgoblin, but do no damage.
You constrict the hobgoblin. The hobgoblin hits you.
* * * LOW HITPOINT WARNING * * *
You tentacle-slap the hobgoblin.
The hobgoblin is heavily wounded.
You constrict the hobgoblin.
A goblin comes into view. It is wielding a +0 dagger.
The hobgoblin misses you.
You bludgeon the hobgoblin!
You kill the hobgoblin!
The goblin hits you with a +0 club.
You die...

######### #.......#
#####
#.......#######....
###.†.)...'.....'....
#...h)....#######....
..g...g....### #....
.......####)# #†...
.|..... #... #....
.....## .##.# #....
#.##. . .# #.... #.
#. .# # #####


You could see 2 goblins.

Vanquished Creatures
  4 endoplasms (D:1)
  A hobgoblin (D:1)
  A jackal (D:1)
  2 bats (D:1)
  A frilled lizard (D:1)
  2 kobolds (D:1)
11 creatures vanquished.

Notes
Turn   | Place    | Note
-------+----------+-------------------------------------------
     0 | D:1      | shadowstone the Octopode Shapeshifter began the quest for
                  | the Orb.
     0 | D:1      | Reached XP level 1. HP: 13/13 MP: 1/1
   108 | D:1      | Reached XP level 2. HP: 3/18 MP: 2/2
   118 | D:1      | Slain by a goblin

Illustrated notes

Levels and vault maps discovered:
D:1:      scummos_arrival_star, layout_basic, serial_shops,
          nicolae_shop_crystal, shop, minmay_misc_feat_tiny,
          chequers_serial_rivers_room_a, chequers_serial_rivers_large_b,
          minmay_hexomino_c4

Action                     || total
---------------------------++-------
  Melee: Unarmed           ||    19
         Constrict         ||     2
         Tentacles         ||     2
         Punch             ||     1
 Armour: Skin              ||     9
  Dodge: Dodged            ||    34

Table legend: (Time is in decaauts)
 A = Elapsed time spent in this place.
 B = Non-inter-level travel time spent in this place.
 C = Inter-level travel time spent in this place.
 D = Time resting spent in this place.
 E = Time spent auto-exploring this place.
 F = Levels seen in this place.
 G = Mean time per level.
                   A        B        C        D        E       F      G
               +--------+--------+--------+--------+--------+-----+--------+
         Total |    116 |    116 |      0 |     17 |      1 |   1 |  116.0 |
       Dungeon |    116 |    116 |      0 |     17 |      1 |   1 |  116.0 |
               +--------+--------+--------+--------+--------+-----+--------+

Top non-repeatable levels by time:
     D:1: 116 daAuts
